Match 31058487
Unlisted

Match 31058487
End
Panzergrenadier Squad
Selects Armored Support Battlegroup
Panzergrenadier Squad
Panzergrenadier Squad
Construct Light Support Kompanie
Fire Support Elements
Selects Veteran Gunners
Selects Salvage Kits
Veteran Squad Leaders
2.5-tonne Medical Truck
le.IG 18 Mechanized Group
Rommel
viper4914
Nukepapa
达克布鲁
0
0

Comments sign in to comment!

No comments posted yet!